 Dungeon Crawl Stone Soup version 0.26.0-3-g156281e41b (webtiles) character file.

Game seed: 15164058744080090169

142 runemasterragnar the Ruffian (level 5, -6/46 HPs)
             Began as a Ghoul Monk on Jan 9, 2021.
             Mangled by an iguana (13 damage)
             ... on level 4 of the Dungeon.
             The game lasted 00:04:26 (3729 turns).

runemasterragnar the Ruffian (Ghoul Monk)           Turns: 3729, Time: 00:04:27

Health: -6/46      AC:  2    Str: 15    XL:     5   Next: 24%
Magic:  4/4        EV:  9    Int:  6    God:
Gold:   158        SH:  0    Dex: 11    Spells: 4/4 levels left

rFire    . . .     SeeInvis .     - Unarmed
rCold    + . .     Faith    .   (no shield)
rNeg     + + +     Spirit   .   a - +0 robe
rPois    ∞         Reflect  .   (no helmet)
rElec    .         Harm     .   (no cloak)
rCorr    .         Rampage  .   (no gloves)
Will     .....                  (no boots)
Stlth    ++........             (no amulet)
HPRegen  0.00/turn              m - ring of positive energy
MPRegen  0.09/turn              c - -4 ring of evasion (curse)

@: hasted, very quick
A: claws 1, cold resistance 1, negative energy resistance 3, inhibited
regeneration, torment resistance, unbreathing
a: no special abilities


You were on level 4 of the Dungeon.
You visited 1 branch of the dungeon, and saw 4 of its levels.

You collected 158 gold pieces.

Inventory:

Hand Weapons
 e - a +0 dagger
 f - a +0 long sword
Missiles
 d - 3 boomerangs (quivered)
Armour
 a - a +0 robe (worn)
 h - a cursed +1 leather armour
Jewellery
 b - an uncursed ring of stealth
 c - a cursed -4 ring of evasion (right claw)
 m - a ring of positive energy (left claw)
Scrolls
 i - a scroll of fog
 j - 2 scrolls of magic mapping
 k - a scroll of identify
 n - 3 scrolls of teleportation
 q - a scroll of amnesia
Potions
 g - 2 potions of curing


   Skills:
 + Level 4.2 Fighting
 + Level 3.5 Dodging
 + Level 3.5 Stealth
 + Level 4.2 Unarmed Combat


You had 4 spell levels left.
You didn't know any spells.
Your spell library was empty.

Dungeon Overview and Level Annotations

Branches:
Dungeon (4/15)             Temple (0/1) D:4

Altars:
Ashenzari
Dithmenos
Fedhas
Nemelex Xobeh
The Shining One


Innate Abilities, Weirdness & Mutations

You thrive by killing the living.
You are immune to poison.
You have sharp fingernails.
Your flesh is cold resistant. (rC+)
You are immune to negative energy. (rN+++)
You do not regenerate when monsters are visible.
You are immune to unholy pain and torment.
You can survive without breathing.


Message History

Throw: 3 boomerangs
Press: ? - help, Q - select action Shift-Dir - straight line, f/p - iguana
Aim: an iguana (moderately wounded)
You throw a boomerang.
The boomerang hits the iguana but does no damage.
The iguana is moderately wounded.
The iguana bites you.
* * * LOW HITPOINT WARNING * * *
You feel yourself speed up. The iguana completely misses you.
You feel better. The iguana bites you.
* * * LOW HITPOINT WARNING * * *
You scratch the iguana.
The iguana is heavily wounded.
The iguana closely misses you.
You scratch the iguana but do no damage.
The iguana is heavily wounded.
You completely miss the iguana.
The iguana is heavily wounded.
The iguana bites you!
You die...

#.#.# #.. #..##
#.#.# ##. #...#
#.# .# ##..# #.#
.# #).# .# #..#
.# #..# ## .#
#..# #.###.# #..#
#@#.#####..#
#####l........#
#...............#
####..#.#..######
##......#
#......# #PP>..##
#..P..# #PP...#


You could see an iguana.

Vanquished Creatures
  An iguana (D:2)
  A hound skeleton (D:4)
  2 adders
  An adder skeleton (D:4)
  A worm (D:3)
  3 dart slugs
  A leopard gecko (D:2)
  3 orcs
  6 giant cockroaches
  11 goblins
  4 hobgoblins
  4 jackals (D:3)
  A quokka (D:2)
  2 ball pythons
  6 bats
  5 frilled lizards
  9 kobolds
  7 rats
68 creatures vanquished.

Vanquished Creatures (others)
  A quokka (D:4)
1 creature vanquished.

Grand Total: 69 creatures vanquished

Notes
Turn   | Place    | Note
-------+----------+-------------------------------------------
     0 | D:1      | runemasterragnar the Ghoul Monk began the quest for the
                  | Orb.
     0 | D:1      | Reached XP level 1. HP: 19/19 MP: 0/0
   120 | D:1      | Reached XP level 2. HP: 4/26 MP: 1/1
  1028 | D:1      | Reached XP level 3. HP: 29/31 MP: 2/2
  1627 | D:2      | Reached XP level 4. HP: 40/40 MP: 3/3
  1913 | D:2      | Found a blossoming altar of Fedhas.
  1990 | D:2      | Found a sparkling altar of Nemelex Xobeh.
  2114 | D:2      | Found a shadowy altar of Dithmenos.
  2572 | D:3      | Found a broken altar of Ashenzari.
  2977 | D:3      | Found a glowing golden altar of the Shining One.
  3455 | D:4      | Reached XP level 5. HP: 46/46 MP: 4/4
  3698 | D:4      | Found a staircase to the Ecumenical Temple.
  3729 | D:4      | Mangled by an iguana

Illustrated notes

Levels and vault maps discovered:
D:1:      lemuel_arrival_lava_pool, layout_basic, minmay_door_square
D:2:      layout_basic, lemuel_coloured_pillars_altar, nemelex_altar_shiori,
          marbit_many_paths
D:3:      layout_basic, old_standard_altar, old_standard_altar
D:4:      layout_loops_ring, elyvilon_altar_4, old_standard_altar,
          minmay_temple_entry_overgrown

Skill      XL: |  1  2  3  4 |
---------------+-------------+-----
Dodging        | 3 |  3.5
Stealth        | 3 |  3.5
Unarmed Combat | 4 |  4.2
Fighting       | 4 |  4.2

Action                   |  1- 3 |  4- 6 || total
-------------------------+-------+-------++-------
Melee: Unarmed           |   105 |   116 ||   221
       Punch             |       |     2 ||     2
Throw: Boomerang         |       |     2 ||     2
  Use: Scroll            |     5 |     5 ||    10
       Potion            |       |     4 ||     4
 Stab: Sleeping          |     7 |     6 ||    13
Armor: Robe              |    27 |    21 ||    48
Dodge: Dodged            |    37 |    53 ||    90
